 Dungeon Crawl Stone Soup version 0.29.0-4-gdea44cf6ec (webtiles) character file.

Game seed: 129232341005993576

12596 qw the Grappler (level 11, 0/102 HPs)
             Began as a Troll Cinder Acolyte on Aug 30, 2022.
             Was an Initiate of Ignis.
             Slain by a death knight
             ... wielding a +0 glaive
              (18 damage)
             ... on level 9 of the Dungeon.
             The game lasted 00:05:17 (9189 turns).

qw the Grappler (Troll Cinder Acolyte)              Turns: 9189, Time: 00:05:18

Health: 0/102      AC: 10    Str: 32    XL:     11   Next: 64%
Magic:  11/11      EV:  8    Int:  9    God:    Ignis [......]
Gold:   926        SH:  9    Dex:  4    Spells: 12/12 levels left

rFire   + . .      SeeInvis .     - Unarmed
rCold   + . .      Faith    +   l - +0 kite shield
rNeg    . . .      Spirit   .   d - +2 acid dragon scales
rPois   .          Reflect  .   (helmet restricted)
rElec   .          Harm     .   c - scarf {repulsion}
rCorr   +          Rampage  .   (gloves unavailable)
Will    +....                   (boots unavailable)
Stlth   ..........              t - amulet "Kosaolem" {Faith rC+ Will+ Slay+2}
HPRegen 1.07/turn               (no ring)
MPRegen 0.12/turn               (no ring)

@: about to teleport, repel missiles
A: large, unfitting armour, claws 3, regeneration 1, shaggy fur 1, tough skin 1,
strong 1
a: Renounce Religion, Rising Flame


You were on level 9 of the Dungeon.
You worshipped Ignis.
Ignis was noncommittal.
You visited 1 branch of the dungeon, and saw 9 of its levels.

You collected 946 gold pieces.
You spent 20 gold pieces at shops.


Innate Abilities, Weirdness & Mutations

You are too large for most types of armour.
You have claws for hands.
Your natural rate of healing is unusually fast.
You are covered in fur. (AC +1)
You have tough skin. (AC +1)
Your muscles are strong. (Str +4, Int/Dex -1)


   Skills:
 - Level 5.0 Fighting
 - Level 3.9 Throwing
 - Level 2.3 Armour
 - Level 1.0 Dodging
 - Level 10.0 Shields
 + Level 13.5 Unarmed Combat
 - Level 1.0 Spellcasting
 - Level 2.1 Fire Magic


You had 12 spell levels left.
You didn't know any spells.
Your spell library contained the following spells:

 Spells                   Type           Power      Damage    Failure   Level
 Scorch                   Fire           8%         2d5       45%         2

Inventory:

Missiles
 m - 7 boomerangs (quivered)
Armour
 b - a +0 cloak
 c - a scarf of repulsion (worn)
 d - +2 acid dragon scales (worn)
 l - a +0 kite shield (worn)
Jewellery
 p - a ring of ice
 t - the amulet "Kosaolem" (around neck) {Faith rC+ Will+ Slay+2}
   (You found it on level 7 of the Dungeon)

   [amulet of faith]

   It allows you to gain divine favour quickly.
   Slay:      It affects your accuracy & damage with ranged weapons and melee
   (+2).
   rC:        It protects you from cold.
   Will:      It increases your willpower.
Scrolls
 i - 5 scrolls of teleportation
 j - a scroll of identify
 k - 2 scrolls of brand weapon
Potions
 e - a potion of curing
 g - 3 potions of haste
 h - 2 potions of mutation
 q - 2 potions of might

Dungeon Overview and Level Annotations

Branches:
Dungeon (9/15)             Temple (0/1) D:6             Orc (0/2) D:9
   Lair: D:8-11

Altars:
Ashenzari
Hepliaklqana
Makhleb
Uskayaw
Wu Jian
Xom
The Shining One

Shops:
D:4 **   D:5 (   D:7 :

Portals:
Bailey: D:7


Message History

Things that are here:
a +0 plate armour; a +0 mace
There is an open door, spattered with blood here.
There is an open door here.
Things that are here:
a +0 whip; a kobold skeleton A death knight comes into view.
It is wielding a +0 glaive.
The death knight shouts!
Things that are here:
8 poisoned darts; a +0 short sword; a +0 short sword The kobold shouts!
You block the death knight's attack.
The kobold throws a poisoned dart.
The poisoned dart closely misses you.
The death knight hits you with a +0 glaive!!
There is an open door, spattered with blood here.
You mangle the death knight!!
The death knight is moderately wounded.
The death knight hits you with a +0 glaive!!
You claw the death knight!
The death knight is heavily wounded.
The death knight hits you but does no damage.
The kobold hits you but does no damage.
You barely miss the death knight.
The death knight is heavily wounded.
You block the kobold's attack.
The death knight hits you with a +0 glaive!
You closely miss the death knight.
The death knight is heavily wounded.
The kobold hits you with a +0 whip.
The death knight mumbles some strange prayers to Yredelemnul against you.
Your body is wracked with pain!
9188 ||| READING 6 scrolls of teleportation.
As you read the scroll of teleportation, it crumbles to dust.
You feel strangely unstable. You block the kobold's attack.
The death knight closely misses you.
You claw the death knight!
The death knight is severely wounded.
The kobold hits you with a +0 whip.
The death knight hits you with a +0 glaive!!
You die...

#.##.................)...........
#.##.###.#####.....######..##.###
#.##........................#.# #
#.##..#####################.#.# #
#.##..#.........##..#....##.#.# #
..##..#.#######.#)#)###.#.#.#.# #
####..#.#.#.#)#.#)(#...#..#.#.###
#..#.#.....#.#.#.....###.#[...
#..#)#.....'K@.#..#..#.#.#....
#..#.#)....#p###.....#.#.#....
#..#.#.#.#.#.#..#)..#..#......
####..#.#######.#.#.###.#.#......
....>.#Y%.YY....##....#..##......
####..#####(#########'#####....).
#..# ##.....###...... #..#
##.......##...... #..#
#...###...#......


You could see a death knight and a kobold.

Vanquished Creatures
  2 boulder beetles (D:9)
  Erica (D:8)
  A centaur warrior (D:9)
  2 two-headed ogres (D:9)
  Pikel (D:4)
  An orc knight (D:9)
  2 manticores (D:9)
  Maggie (D:7)
  A tengu conjurer (D:9)
  2 wraiths (D:9)
  3 wyverns (D:9)
  A shadow (D:9)
  7 yaks
  Eustachio (D:4)
  3 steam dragons
  3 wargs (D:9)
  An acid dragon (D:8)
  2 water moccasins
  5 orc warriors
  A sky beast (D:7)
  A black bear (D:4)
  3 centaurs
  An ogre (D:5)
  4 kobold brigands
  3 lemures (D:4)
  A phantom (D:7)
  4 bullfrogs
  A gnoll sergeant (D:5)
  3 necrophages
  12 wights
  8 killer bees (D:9)
  2 howler monkeys (D:9)
  A lava snake (D:7)
  4 jellies
  4 orc priests
  3 hounds
  2 iguanas (D:4)
  13 orc wizards
  11 adders
  5 gnolls (D:5)
  A worm (D:3)
  5 dart slugs
  47 orcs
  8 ball pythons
  7 endoplasms
  5 giant cockroaches
  8 goblins
  3 hobgoblins
  10 jackals
  3 quokkas
  8 bats
  7 frilled lizards
  14 kobolds
  4 rats (D:1)
257 creatures vanquished.

Notes
Turn   | Place    | Note
-------+----------+-------------------------------------------
     0 | D:1      | qw the Troll Cinder Acolyte began the quest for the Orb.
     0 | D:1      | Reached XP level 1. HP: 22/22 MP: 1/1
     0 | D:1      | 0 ||| qw: Version: 0.1-a-95-gae9e614
     0 | D:1      | 0 ||| qw: Game counter: 4389
     0 | D:1      | 0 ||| qw: Always use a shield: true
     0 | D:1      | 0 ||| qw: God list: Okawaru
     0 | D:1      | 0 ||| qw: Allow faded altars: false
     0 | D:1      | 0 ||| qw: Do Orc after D:15 true
     0 | D:1      | 0 ||| qw: Do second Lair branch before Depths: true
     0 | D:1      | 0 ||| qw: Lair rune preference: random
     0 | D:1      | 0 ||| qw: Plans: Normal
     0 | D:1      | 0 ||| PLANNING D:1-11
    50 | D:1      | 50 ||| Stepping ~*~*~tactically~*~*~ (stealth).
    55 | D:1      | 55 ||| Stepping ~*~*~tactically~*~*~ (stealth).
    59 | D:1      | 59 ||| Stepping ~*~*~tactically~*~*~ (hiding).
    68 | D:1      | Reached XP level 2. HP: 29/29 MP: 2/2
   210 | D:1      | Found a faded altar of an unknown god.
   247 | D:1      | Reached skill level 4 in Unarmed Combat
   279 | D:1      | 279 ||| Stepping ~*~*~tactically~*~*~ (stealth).
   329 | D:1      | Reached XP level 3. HP: 36/36 MP: 3/3
   579 | D:1      | 579 ||| Stepping ~*~*~tactically~*~*~ (outnumbered).
   580 | D:1      | 580 ||| Stepping ~*~*~tactically~*~*~ (outnumbered).
   581 | D:1      | 581 ||| Stepping ~*~*~tactically~*~*~ (outnumbered).
   605 | D:1      | 605 ||| READING scroll labelled CACYBB FONEO.
   606 | D:1      | 606 ||| READING 2 scrolls labelled FASSUNN HAJO.
   609 | D:1      | 609 ||| READING 2 scrolls labelled GIYMEKKIAFF.
   610 | D:1      | 610 ||| READING scroll labelled CORPHE GOSATUD.
   611 | D:1      | 611 ||| DRINKING 2 sedimented coppery potions.
   612 | D:1      | 612 ||| DRINKING 2 fizzy dark potions.
   613 | D:1      | 613 ||| DRINKING 2 sedimented grey potions.
   764 | D:2      | 764 ||| Stepping ~*~*~tactically~*~*~ (stealth).
  1008 | D:2      | 1008 ||| Stepping ~*~*~tactically~*~*~ (stealth).
  1014 | D:2      | 1014 ||| Stepping ~*~*~tactically~*~*~ (stealth).
  1021 | D:2      | Reached XP level 4. HP: 44/44 MP: 4/4
  1041 | D:2      | Reached skill level 5 in Unarmed Combat
  1064 | D:2      | 1064 ||| Stepping ~*~*~tactically~*~*~ (stealth).
  1246 | D:2      | 1246 ||| UPGRADING to scarf of repulsion.
  1251 | D:2      | 1251 ||| UPGRADING to amulet of guardian spirit.
  1256 | D:2      | 1256 ||| DROPPING ring of flight.
  1257 | D:2      | 1257 ||| DRINKING 2 fuming dark potions.
  1257 | D:2      | Gained mutation: Your muscles are strong. (Str +4, Int/Dex
                  | -1) [potion of mutation]
  1258 | D:2      | 1258 ||| READING 2 scrolls of identify.
  1258 | D:2      | 1258 ||| IDENTIFYING glowing coppery potion
  1259 | D:2      | 1259 ||| DROPPING potion of lignification.
  1574 | D:3      | 1574 ||| Stepping ~*~*~tactically~*~*~ (stealth).
  1626 | D:3      | Reached XP level 5. HP: 50/50 MP: 3/5
  1818 | D:3      | Reached skill level 6 in Unarmed Combat
  2246 | D:3      | 2246 ||| UPGRADING to +0 kite shield.
  2251 | D:3      | 2251 ||| READING scroll labelled VUBOEH JAST.
  2274 | D:3      | 2274 ||| READING scroll labelled AVITZOILETU.
  2275 | D:3      | 2275 ||| READING 4 scrolls of teleportation.
  2361 | D:4      | 2361 ||| Stepping ~*~*~tactically~*~*~ (stealth).
  2362 | D:4      | 2362 ||| Stepping ~*~*~tactically~*~*~ (stealth).
  2402 | D:4      | Noticed Eustachio
  2422 | D:4      | 2422 ||| INVOKING Fiery Armour.
  2423 | D:4      | 2423 ||| Stepping ~*~*~tactically~*~*~ (outnumbered).
  2423 | D:4      | Killed Eustachio
  2424 | D:4      | Reached XP level 6. HP: 54/59 MP: 6/6
  2445 | D:4      | Reached skill level 3 in Shields
  2485 | D:4      | Noticed Pikel
  2492 | D:4      | 2492 ||| Stepping ~*~*~tactically~*~*~ (outnumbered).
  2493 | D:4      | 2493 ||| Stepping ~*~*~tactically~*~*~ (outnumbered).
  2494 | D:4      | 2494 ||| Stepping ~*~*~tactically~*~*~ (outnumbered).
  2495 | D:4      | 2495 ||| Stepping ~*~*~tactically~*~*~ (outnumbered).
  2496 | D:4      | 2496 ||| Stepping ~*~*~tactically~*~*~ (outnumbered).
  2497 | D:4      | 2497 ||| Stepping ~*~*~tactically~*~*~ (outnumbered).
  2509 | D:4      | Killed Pikel
  2510 | D:4      | Reached XP level 7. HP: 28/66 MP: 3/7
  2577 | D:4      | Found Tifiecak's General Store.
  2577 | D:4      | Found Gukhlagich's Gadget Gallery.
  2581 | D:4      | 2581 ||| BUYING scroll of identify (20 gold).
  2581 | D:4      | Bought a scroll of identify for 20 gold pieces
  2585 | D:4      | 2585 ||| SHOPLISTING wand of digging (7) (352 gold, have
                  | 174).
  2597 | D:4      | 2597 ||| Stepping ~*~*~tactically~*~*~ (hiding).
  3106 | D:4      | 3106 ||| Stepping ~*~*~tactically~*~*~ (outnumbered).
  3136 | D:4      | Found a glowing golden altar of the Shining One.
  3136 | D:4      | Found a burning altar of Makhleb.
  3142 | D:4      | Found a hide-covered altar of Uskayaw.
  3144 | D:4      | Found a broken altar of Ashenzari.
  3146 | D:4      | Found a faded altar of an unknown god.
  3406 | D:4      | 3406 ||| READING 2 scrolls of identify.
  3406 | D:4      | 3406 ||| IDENTIFYING metallic orange potion
  3407 | D:4      | 3407 ||| DROPPING potion of brilliance.
  3432 | D:5      | Entered Level 5 of the Dungeon
  3529 | D:5      | Found Yxoownar's Weapon Boutique.
  3586 | D:5      | 3586 ||| Stepping ~*~*~tactically~*~*~ (stealth).
  3589 | D:5      | 3589 ||| Stepping ~*~*~tactically~*~*~ (stealth).
  3606 | D:5      | 3606 ||| Stepping ~*~*~tactically~*~*~ (stealth).
  3607 | D:5      | 3607 ||| Stepping ~*~*~tactically~*~*~ (stealth).
  3674 | D:5      | Reached skill level 7 in Unarmed Combat
  3763 | D:5      | 3763 ||| Stepping ~*~*~tactically~*~*~ (stealth).
  3768 | D:5      | Reached skill level 6 in Shields
  3769 | D:5      | Reached XP level 8. HP: 74/74 MP: 8/8
  3770 | D:5      | 3770 ||| Stepping ~*~*~tactically~*~*~ (hiding).
  3786 | D:5      | 3786 ||| INVOKING Fiery Armour.
  4032 | D:5      | Found a faded altar of an unknown god.
  4033 | D:5      | Found a hazy altar of Hepliaklqana.
  4046 | D:5      | Reached skill level 1 in Throwing
  4426 | D:5      | 4426 ||| DROPPING ring of wizardry.
  4427 | D:5      | 4427 ||| READING scroll labelled SANUDWODGHIFF.
  4468 | D:6      | Reached skill level 8 in Unarmed Combat
  4501 | D:6      | 4501 ||| Stepping ~*~*~tactically~*~*~ (hiding).
  4504 | D:6      | 4504 ||| Stepping ~*~*~tactically~*~*~ (outnumbered).
  4505 | D:6      | 4505 ||| Stepping ~*~*~tactically~*~*~ (outnumbered).
  4510 | D:6      | Reached skill level 3 in Fighting
  4519 | D:6      | 4519 ||| FLEEEEING.
  4520 | D:6      | 4520 ||| FLEEEEING.
  4521 | D:6      | 4521 ||| FLEEEEING.
  4522 | D:6      | 4522 ||| FLEEEEING.
  4523 | D:6      | 4523 ||| FLEEEEING.
  4524 | D:6      | 4524 ||| FLEEEEING.
  4525 | D:6      | 4525 ||| FLEEEEING.
  4526 | D:6      | 4526 ||| FLEEEEING.
  4527 | D:6      | 4527 ||| FLEEEEING.
  4528 | D:6      | 4528 ||| FLEEEEING.
  4531 | D:6      | 4531 ||| FLEEEEING.
  4532 | D:6      | 4532 ||| FLEEEEING.
  4533 | D:6      | 4533 ||| FLEEEEING.
  4534 | D:6      | 4534 ||| FLEEEEING.
  4536 | D:6      | 4536 ||| FLEEEEING.
  4539 | D:6      | 4539 ||| Stepping ~*~*~tactically~*~*~ (outnumbered).
  4540 | D:6      | 4540 ||| Stepping ~*~*~tactically~*~*~ (outnumbered).
  4541 | D:6      | 4541 ||| STAIRDANCE
  4595 | D:6      | 4595 ||| STAIRDANCE
  4604 | D:5      | Reached skill level 9 in Unarmed Combat
  4645 | D:6      | 4645 ||| DRINKING 3 potions of curing.
  4645 | D:6      | 4645 ||| (to cure confusion)
  4663 | D:6      | 4663 ||| Stepping ~*~*~tactically~*~*~ (stealth).
  4753 | D:6      | Found a staircase to the Ecumenical Temple.
  4764 | D:6      | 4764 ||| Stepping ~*~*~tactically~*~*~ (outnumbered).
  4765 | D:6      | 4765 ||| Stepping ~*~*~tactically~*~*~ (outnumbered).
  4766 | D:6      | 4766 ||| Stepping ~*~*~tactically~*~*~ (outnumbered).
  4771 | D:6      | Reached XP level 9. HP: 41/78 MP: 2/9
  4889 | D:6      | Found an ornate altar of the Wu Jian Council.
  4978 | D:6      | Found a shimmering altar of Xom.
  5087 | D:6      | 5087 ||| Stepping ~*~*~tactically~*~*~ (hiding).
  5088 | D:6      | 5088 ||| Stepping ~*~*~tactically~*~*~ (hiding).
  5119 | D:6      | 5119 ||| Stepping ~*~*~tactically~*~*~ (hiding).
  5120 | D:6      | 5120 ||| Stepping ~*~*~tactically~*~*~ (hiding).
  5128 | D:6      | 5128 ||| DRINKING 3 potions of curing.
  5128 | D:6      | 5128 ||| (to cure confusion)
  5139 | D:6      | 5139 ||| DRINKING 2 potions of curing.
  5139 | D:6      | 5139 ||| (to cure confusion)
  5325 | D:6      | 5325 ||| INVOKING Fiery Armour.
  5367 | D:6      | 5367 ||| READING scroll labelled CAODAH BUOSEW.
  5403 | D:7      | Found Semi Keb's Book Shop.
  5421 | D:7      | 5421 ||| Stepping ~*~*~tactically~*~*~ (stealth).
  5426 | D:7      | Reached skill level 10 in Unarmed Combat
  5497 | D:7      | Noticed Maggie
  5515 | D:7      | Killed Maggie
  5571 | D:7      | 5571 ||| Stepping ~*~*~tactically~*~*~ (outnumbered).
  5572 | D:7      | 5572 ||| Stepping ~*~*~tactically~*~*~ (outnumbered).
  5573 | D:7      | 5573 ||| INVOKING Fiery Armour.
  5574 | D:7      | 5574 ||| Stepping ~*~*~tactically~*~*~ (outnumbered).
  5575 | D:7      | 5575 ||| Stepping ~*~*~tactically~*~*~ (outnumbered).
  5614 | D:7      | 5614 ||| FLEEEEING.
  5615 | D:7      | 5615 ||| FLEEEEING.
  5616 | D:7      | 5616 ||| FLEEEEING.
  5617 | D:7      | 5617 ||| FLEEEEING.
  5647 | D:7      | 5647 ||| Stepping ~*~*~tactically~*~*~ (outnumbered).
  5648 | D:7      | 5648 ||| Stepping ~*~*~tactically~*~*~ (outnumbered).
  5697 | D:7      | 5697 ||| Stepping ~*~*~tactically~*~*~ (stealth).
  5701 | D:7      | 5701 ||| Stepping ~*~*~tactically~*~*~ (stealth).
  5772 | D:7      | 5772 ||| Stepping ~*~*~tactically~*~*~ (outnumbered).
  5773 | D:7      | 5773 ||| Stepping ~*~*~tactically~*~*~ (outnumbered).
  5774 | D:7      | 5774 ||| Stepping ~*~*~tactically~*~*~ (outnumbered).
  5775 | D:7      | 5775 ||| Stepping ~*~*~tactically~*~*~ (outnumbered).
  5776 | D:7      | 5776 ||| Stepping ~*~*~tactically~*~*~ (outnumbered).
  5777 | D:7      | 5777 ||| Stepping ~*~*~tactically~*~*~ (outnumbered).
  5778 | D:7      | 5778 ||| Stepping ~*~*~tactically~*~*~ (outnumbered).
  5830 | D:7      | Found a flagged portal.
  5869 | D:7      | Identified the amulet "Kosaolem" {Faith rC+ Will+ Slay+2}
  5957 | D:7      | 5957 ||| Stepping ~*~*~tactically~*~*~ (hiding).
  5966 | D:7      | Reached XP level 10. HP: 81/93 MP: 7/10
  6137 | D:7      | 6137 ||| UPGRADING to +0 steam dragon scales.
  6147 | D:7      | 6147 ||| DROPPING +0 robe.
  6148 | D:7      | 6148 ||| UPGRADING to amulet "Kosaolem" {Faith rC+ Will+
                  | Slay+2}.
  6158 | D:7      | 6158 ||| DROPPING amulet of guardian spirit.
  6159 | D:7      | 6159 ||| READING 4 scrolls of identify.
  6159 | D:7      | 6159 ||| IDENTIFYING grey potion
  6160 | D:7      | 6160 ||| READING 3 scrolls of identify.
  6160 | D:7      | 6160 ||| IDENTIFYING bubbling green potion
  6161 | D:7      | 6161 ||| READING 2 scrolls of identify.
  6161 | D:7      | 6161 ||| IDENTIFYING metallic golden potion
  6162 | D:7      | 6162 ||| DROPPING potion of degeneration.
  6163 | D:7      | 6163 ||| DROPPING potion of invisibility.
  6214 | D:8      | Identified the +3 ring mail of Cahuipopn {Rampage rCorr
                  | Str-3 Dex+7}
  6267 | D:8      | 6267 ||| Stepping ~*~*~tactically~*~*~ (stealth).
  6269 | D:8      | 6269 ||| Stepping ~*~*~tactically~*~*~ (hiding).
  6275 | D:8      | 6275 ||| Stepping ~*~*~tactically~*~*~ (hiding).
  6392 | D:8      | 6392 ||| Stepping ~*~*~tactically~*~*~ (stealth).
  6394 | D:8      | 6394 ||| Stepping ~*~*~tactically~*~*~ (hiding).
  6396 | D:8      | 6396 ||| Stepping ~*~*~tactically~*~*~ (hiding).
  6525 | D:8      | 6525 ||| Stepping ~*~*~tactically~*~*~ (stealth).
  6539 | D:8      | Reached skill level 1 in Armour
  6539 | D:8      | 6539 ||| FLEEEEING.
  6642 | D:8      | 6642 ||| Stepping ~*~*~tactically~*~*~ (stealth).
  6651 | D:8      | 6651 ||| Stepping ~*~*~tactically~*~*~ (stealth).
  6652 | D:8      | 6652 ||| Stepping ~*~*~tactically~*~*~ (stealth).
  6673 | D:8      | 6673 ||| Stepping ~*~*~tactically~*~*~ (stealth).
  6679 | D:8      | Reached skill level 11 in Unarmed Combat
  6728 | D:8      | Noticed Erica
  6729 | D:8      | 6729 ||| INVOKING Fiery Armour.
  6734 | D:8      | HP: 22/93 [Erica/+4 scimitar of flaming (6)]
  6735 | D:8      | 6735 ||| READING 10 scrolls of teleportation.
  6736 | D:8      | 6736 ||| DRINKING potion of heal wounds.
  6742 | D:8      | HP: 18/93 [acid dragon (7)]
  6743 | D:8      | 6743 ||| READING 9 scrolls of teleportation.
  6745 | D:8      | Reached skill level 1 in Dodging
  6928 | D:8      | 6928 ||| Stepping ~*~*~tactically~*~*~ (stealth).
  6931 | D:8      | 6931 ||| INVOKING Fiery Armour.
  6932 | D:8      | 6932 ||| Stepping ~*~*~tactically~*~*~ (outnumbered).
  6933 | D:8      | 6933 ||| Stepping ~*~*~tactically~*~*~ (outnumbered).
  6935 | D:8      | 6935 ||| Stepping ~*~*~tactically~*~*~ (outnumbered).
  6941 | D:8      | HP: 23/93 [Erica/+4 scimitar of flaming (5)]
  6942 | D:8      | 6942 ||| READING 8 scrolls of teleportation.
  6947 | D:8      | HP: 18/93 [poisoned by Erica (bolt of poison)]
  7034 | D:8      | 7034 ||| INVOKING Fiery Armour.
  7043 | D:8      | Killed Erica
  7074 | D:8      | 7074 ||| Stepping ~*~*~tactically~*~*~ (stealth).
  7076 | D:8      | 7076 ||| Stepping ~*~*~tactically~*~*~ (stealth).
  7268 | D:8      | 7268 ||| UPGRADING to +0 acid dragon scales.
  7278 | D:8      | 7278 ||| DROPPING +0 steam dragon scales.
  7279 | D:8      | 7279 ||| READING 2 scrolls of identify.
  7279 | D:8      | 7279 ||| IDENTIFYING puce potion
  7280 | D:8      | 7280 ||| DROPPING potion of ambrosia.
  7375 | D:9      | Noticed a two-headed ogre
  7380 | D:9      | Killed a two-headed ogre
  7381 | D:9      | Reached skill level 9 in Shields
  7499 | D:9      | Found a staircase to the Orcish Mines.
  7502 | D:9      | 7502 ||| Stepping ~*~*~tactically~*~*~ (stealth).
  7512 | D:9      | 7512 ||| INVOKING Fiery Armour.
  7513 | D:9      | 7513 ||| Stepping ~*~*~tactically~*~*~ (outnumbered).
  7514 | D:9      | 7514 ||| Stepping ~*~*~tactically~*~*~ (outnumbered).
  7515 | D:9      | 7515 ||| Stepping ~*~*~tactically~*~*~ (outnumbered).
  7516 | D:9      | 7516 ||| Stepping ~*~*~tactically~*~*~ (outnumbered).
  7523 | D:9      | 7523 ||| FLEEEEING.
  7524 | D:9      | 7524 ||| FLEEEEING.
  7525 | D:9      | 7525 ||| FLEEEEING.
  7528 | D:9      | 7528 ||| STAIRDANCE
  7555 | D:9      | 7555 ||| STAIRDANCE
  7610 | D:9      | 7610 ||| Stepping ~*~*~tactically~*~*~ (stealth).
  7612 | D:9      | 7612 ||| Stepping ~*~*~tactically~*~*~ (stealth).
  7842 | D:9      | Noticed a centaur warrior
  7843 | D:9      | 7843 ||| Stepping ~*~*~tactically~*~*~ (hiding).
  7851 | D:9      | Killed a centaur warrior
  7852 | D:9      | Reached skill level 3 in Throwing
  7894 | D:9      | 7894 ||| READING scroll of enchant armour.
  7894 | D:9      | 7894 ||| ENCHANTING +0 acid dragon scales.
  7904 | D:9      | Noticed a manticore
  7912 | D:9      | 7912 ||| INVOKING Fiery Armour.
  7913 | D:9      | Killed a manticore
  7921 | D:9      | Reached skill level 12 in Unarmed Combat
  8010 | D:9      | Reached XP level 11. HP: 101/101 MP: 11/11
  8016 | D:9      | 8016 ||| Stepping ~*~*~tactically~*~*~ (stealth).
  8061 | D:9      | Noticed a two-headed ogre
  8062 | D:9      | 8062 ||| Stepping ~*~*~tactically~*~*~ (stealth).
  8074 | D:9      | 8074 ||| INVOKING Fiery Armour.
  8078 | D:9      | Killed a two-headed ogre
  8086 | D:9      | 8086 ||| FLEEEEING.
  8166 | D:9      | 8166 ||| Stepping ~*~*~tactically~*~*~ (stealth).
  8261 | D:9      | Noticed a boulder beetle
  8262 | D:9      | 8262 ||| Stepping ~*~*~tactically~*~*~ (stealth).
  8263 | D:9      | 8263 ||| INVOKING Fiery Armour.
  8269 | D:9      | Killed a boulder beetle
  8277 | D:9      | Reached skill level 13 in Unarmed Combat
  8298 | D:9      | 8298 ||| Stepping ~*~*~tactically~*~*~ (stealth).
  8317 | D:9      | 8317 ||| Stepping ~*~*~tactically~*~*~ (hiding).
  8339 | D:9      | Noticed an orc knight
  8344 | D:9      | 8344 ||| Stepping ~*~*~tactically~*~*~ (outnumbered).
  8357 | D:9      | Killed an orc knight
  8359 | D:9      | Identified the +2 hand axe "Plog" {vorpal, rElec rC- Str+2
                  | SInv}
  8360 | D:9      | Noticed a boulder beetle
  8363 | D:9      | 8363 ||| Stepping ~*~*~tactically~*~*~ (outnumbered).
  8373 | D:9      | 8373 ||| INVOKING Fiery Armour.
  8375 | D:9      | Killed a boulder beetle
  8377 | D:9      | HP: 23/102 [tengu conjurer/bolt of lightning (10)]
  8377 | D:9      | HP: 7/102 [tengu conjurer/bolt of lightning (16)]
  8378 | D:9      | 8378 ||| READING 8 scrolls of teleportation.
  8383 | D:9      | 8383 ||| FLEEEEING.
  8390 | D:9      | 8390 ||| STAIRDANCE
  8467 | D:8      | 8467 ||| READING scroll labelled BOLASTROINK.
  8468 | D:8      | 8468 ||| READING scroll labelled RUINOE QONIM.
  8469 | D:8      | 8469 ||| READING 2 scrolls of identify.
  8469 | D:8      | 8469 ||| IDENTIFYING sapphire potion
  8470 | D:8      | 8470 ||| DROPPING potion of attraction.
  8499 | D:9      | 8499 ||| READING scroll of enchant armour.
  8499 | D:9      | 8499 ||| ENCHANTING +1 acid dragon scales.
  8889 | D:9      | 8889 ||| Stepping ~*~*~tactically~*~*~ (hiding).
  8899 | D:9      | 8899 ||| INVOKING Fiery Armour.
  8903 | D:9      | HP: 20/102 [manticore (11)]
  8904 | D:9      | 8904 ||| READING 7 scrolls of teleportation.
  8908 | D:9      | 8908 ||| Stepping ~*~*~tactically~*~*~ (outnumbered).
  9181 | D:9      | Noticed a death knight
  9187 | D:9      | HP: 19/102 [??? (16)]
  9188 | D:9      | 9188 ||| READING 6 scrolls of teleportation.
  9189 | D:9      | Slain by a death knight

Levels and vault maps discovered:
D:1:      shiori_arrival_maze, layout_rooms,
          hellmonk_ecumenical_altar_crossroads
D:2:      layout_loops_ring
D:3:      layout_loops_corners
D:4:      layout_basic, chequers_temple_overflow_minitemple, serial_shops, shop,
          nicolae_shop_gadgets, uniq_pikel, uniq_eustachio
D:5:      layout_loops_corners, beargit_hepliaklqana_dungeon_heroes,
          serial_shops, shop
D:6:      minmay_flawed_box, layout_gridville, mainiacjoe_overflow_boulevard,
          lemuel_doored_altar, minmay_temple_entry_large_hall
D:7:      minmay_evil_eye, layout_rooms, enter_bailey_3, nicolae_stop_n_shop_2,
          grunt_decor_junction, hex_medium, uniq_maggie
D:8:      layout_gridville, uniq_erica
D:9:      minmay_the_grid_4x2 [minmay_the_grid_spin_star,
          minmay_the_grid_outer_circle, minmay_the_grid_expand,
          minmay_the_grid_armoury, minmay_the_grid_dragon_a,
          minmay_the_grid_tiny_cups, minmay_the_grid_minigrid_large,
          minmay_the_grid_prize_inner_circle], layout_basic, david_orc_3

Skill      XL: |  1  2  3  4  5  6  7  8  9 10 11 |
---------------+----------------------------------+-----
Unarmed Combat | 4 5 6 7 9 10 12 13 | 13.5
Shields        | 2 5 6 8 9 10 | 10.0
Throwing       | 2 3 |  3.9
Fighting       | 3 4 5 |  5.0
Armour         | 1 2 |  2.3
Dodging        | 1 |  1.0
Spellcasting   | |  1.0
Fire Magic     | |  2.1

Action                   |  1- 3 |  4- 6 |  7- 9 | 10-12 || total
-------------------------+-------+-------+-------+-------++-------
Melee: Unarmed           |    98 |   108 |   265 |   255 ||   726
       Punch             |       |     2 |       |       ||     2
Throw: Javelin           |       |       |    27 |    13 ||    40
       Boomerang         |       |       |    37 |    26 ||    63
Invok: Fiery Armour      |       |     1 |     3 |     9 ||    13
  Use: Scroll            |     4 |     4 |     3 |    15 ||    26
       Potion            |     3 |     1 |     3 |     1 ||     8
Armor: Robe              |    30 |    30 |    45 |       ||   105
       Acid dragon scale |       |       |       |    65 ||    65
       Steam dragon scal |       |       |       |    26 ||    26
Dodge: Dodged            |    31 |    33 |    52 |    75 ||   191
       Repelled          |       |       |     5 |     1 ||     6
Block: Kite shield       |       |    16 |    88 |   105 ||   209

Table legend:
 A = Non-vault XP
 B = Vault XP
 C = Vault XP percentage of total XP
 D = Non-vault monster count
 E = Vault monster count
 F = Vault count percentage of total count
                 A         B        C        D         E       F
            +---------+---------+-------+---------+---------+-------
      Total |    7672 |   10323 |  57.4 |     196 |      58 |  22.8
            +---------+---------+-------+---------+---------+-------
        D:1 |      46 |       4 |   8.0 |      27 |       2 |   6.9
        D:2 |      95 |       0 |   0.0 |      20 |       0 |   0.0
        D:3 |      99 |       0 |   0.0 |      20 |       0 |   0.0
        D:4 |     250 |     865 |  77.6 |      19 |       2 |   9.5
        D:5 |     616 |     139 |  18.4 |      18 |       2 |  10.0
        D:6 |    1125 |     278 |  19.8 |      16 |       8 |  33.3
        D:7 |    1382 |     702 |  33.7 |      23 |       7 |  23.3
        D:8 |    1032 |     987 |  48.9 |      35 |       2 |   5.4
        D:9 |    3027 |    7348 |  70.8 |      18 |      35 |  66.0
            +---------+---------+-------+---------+---------+-------
